SL
TOLEDO STINGERS @ LAS VEGAS FLAMINGOS
07/16/2031
 
TOP OF THE 1ST
Toledo Stingers batting - Pitching for Las Vegas Flamingos : LHP Juan Cardenas
Pitching: LHP Juan Cardenas
Batting: RHB Brett Callison 0-0: Called Strike
0-1: Called Strike
0-2: Ball
1-2: Fly out, F7 (Flyball, 78D)
Batting: RHB Tamasaburo Kato 0-0: Ball
1-0: Foul Ball, location: 2F
1-1: Ball
2-1: Called Strike
2-2: Foul Ball, location: 2F
2-2: Foul Ball, location: 2F
2-2: Foul Ball, location: 2F
2-2: Ball
3-2: Foul Ball, location: 2F
3-2: Foul Ball, location: 2F
3-2: Ground out 6-3 (Groundball, 6)
Batting: RHB Armando Alvarado 0-0: Called Strike
0-1: Ball
1-1: Called Strike
1-2: Strikes out looking
Top of the 1st over - 0 runs, 0 hits, 0 errors, 0 left on base; Toledo 0 - Las Vegas 0
BOTTOM OF THE 1ST
Las Vegas Flamingos batting - Pitching for Toledo Stingers : RHP Rafael Rodríguez
Pitching: RHP Rafael Rodríguez
Batting: RHB Xavier Hernández 0-0: Called Strike
0-1: Foul Ball, location: 2F
0-2: Strikes out swinging
Batting: RHB Sake van Arem 0-0: Ball
1-0: Ball
2-0: Fly out, F7 (Flyball, 7S)
Batting: LHB Victor Adams 0-0: Swinging Strike
0-1: Ground out 4-3 (Groundball, 4)
Bottom of the 1st over - 0 runs, 0 hits, 0 errors, 0 left on base; Toledo 0 - Las Vegas 0
TOP OF THE 2ND
Toledo Stingers batting - Pitching for Las Vegas Flamingos : LHP Juan Cardenas
Batting: RHB Alfredo Martínez 0-0: Fly out, F8 (Line Drive, 89D)
Batting: LHB Tural Bishara 0-0: SINGLE (Flyball, 9LM)
Batting: SHB Eugene Clutch 0-0: Called Strike
0-1: Ball
Tural Bishara steals 2nd base
1-1: Swinging Strike
1-2: Ball
2-2: Strikes out swinging
Batting: LHB Rafael Sánchez 0-0: SINGLE (Line Drive, 89M)
Tural Bishara to third
Runner from 3rd tries for Home, SAFE, no throw
Batting: LHB Ned Durand 0-0: Ball
1-0: Ball
2-0: Ball
3-0: Fly out, F8 (Line Drive, 8LM)
Top of the 2nd over - 1 run, 2 hits, 0 errors, 1 left on base; Toledo 1 - Las Vegas 0
BOTTOM OF THE 2ND
Las Vegas Flamingos batting - Pitching for Toledo Stingers : RHP Rafael Rodríguez
Batting: RHB Sergio Ortíz 0-0: Ball
1-0: Ball
2-0: Ground out 5-3 (Groundball, 56)
Batting: SHB Glyn Bolasky 0-0: Swinging Strike
0-1: Ball
1-1: Ground out 4-3 (Groundball, 4)
Batting: RHB Ellis Greenham 0-0: Ball
1-0: Foul Ball, location: 2F
1-1: Foul Ball, location: 2F
1-2: Strikes out swinging
Bottom of the 2nd over - 0 runs, 0 hits, 0 errors, 0 left on base; Toledo 1 - Las Vegas 0
TOP OF THE 3RD
Toledo Stingers batting - Pitching for Las Vegas Flamingos : LHP Juan Cardenas
Batting: SHB Tsing Guao 0-0: Ball
1-0: Ball
2-0: Foul Ball, location: 2F
2-1: Fly out, F8 (Line Drive, 8LS)
Batting: RHB Brett Callison 0-0: Fly out, F7 (Line Drive, 7)
Batting: RHB Tamasaburo Kato 0-0: Ball
1-0: Ball
2-0: Called Strike
2-1: Fly out, F7 (Flyball, 78D)
Top of the 3rd over - 0 runs, 0 hits, 0 errors, 0 left on base; Toledo 1 - Las Vegas 0
BOTTOM OF THE 3RD
Las Vegas Flamingos batting - Pitching for Toledo Stingers : RHP Rafael Rodríguez
Batting: RHB Sotaro Sakata 0-0: Foul Ball, location: 2F
0-1: Ball
1-1: Ball
2-1: Foul Ball, location: 2F
2-2: Strikes out swinging
Batting: LHB Ruud van Ineveld 0-0: SINGLE (Line Drive, 9S)
Batting: RHB Daniel Maldonado 0-0: Ball
1-0: Ball
2-0: Ball
3-0: Base on Balls
Ruud van Ineveld to second
Batting: RHB Xavier Hernández 0-0: Ball
1-0: Ball
2-0: Called Strike
2-1: Grounds into double play, 6-4-3 (Groundball, 6D)
Bottom of the 3rd over - 0 runs, 1 hit, 0 errors, 1 left on base; Toledo 1 - Las Vegas 0
TOP OF THE 4TH
Toledo Stingers batting - Pitching for Las Vegas Flamingos : LHP Juan Cardenas
Batting: RHB Armando Alvarado 0-0: Called Strike
0-1: Fly out, F4 (Line Drive, 4M)
Batting: RHB Alfredo Martínez 0-0: Foul Ball, location: 2F
0-1: Ball
1-1: Swinging Strike
1-2: Ball
2-2: SOLO HOME RUN (Flyball, 7D), Distance : 381 ft
Batting: LHB Tural Bishara 0-0: Ball
1-0: Swinging Strike
1-1: Ball
2-1: Swinging Strike
2-2: Strikes out swinging
Batting: SHB Eugene Clutch 0-0: Called Strike
0-1: Foul Ball, location: 2F
0-2: Foul Ball, location: 2F
0-2: Ball
1-2: Strikes out swinging
Top of the 4th over - 1 run, 1 hit, 0 errors, 0 left on base; Toledo 2 - Las Vegas 0
BOTTOM OF THE 4TH
Las Vegas Flamingos batting - Pitching for Toledo Stingers : RHP Rafael Rodríguez
Batting: RHB Sake van Arem 0-0: Ball
1-0: Ball
2-0: SINGLE (Groundball, 56D)
Batting: LHB Victor Adams 0-0: Ball
Sake van Arem is caught stealing 2nd base
1-0: Called Strike
1-1: Ball
2-1: Swinging Strike
2-2: Strikes out looking
Batting: RHB Sergio Ortíz 0-0: Called Strike
0-1: Foul Ball, location: 2F
0-2: Ball
1-2: Strikes out swinging
Bottom of the 4th over - 0 runs, 1 hit, 0 errors, 0 left on base; Toledo 2 - Las Vegas 0
TOP OF THE 5TH
Toledo Stingers batting - Pitching for Las Vegas Flamingos : LHP Juan Cardenas
Batting: LHB Rafael Sánchez 0-0: Called Strike
0-1: Swinging Strike
0-2: Ball
1-2: Ball
2-2: Strikes out swinging
Batting: LHB Ned Durand 0-0: Called Strike
0-1: Called Strike
0-2: Ball
1-2: Foul Ball, location: 2F
1-2: DOUBLE (Flyball, 78D)
Batting: SHB Tsing Guao 0-0: Ball
1-0: SINGLE (Line Drive, 6MD)
Ned Durand to third
Batting: RHB Brett Callison 0-0: Foul Ball, location: 2F
0-1: Swinging Strike
0-2: Ball
1-2: Fly out, F7 (Flyball, 78S)
Batting: RHB Tamasaburo Kato 0-0: Swinging Strike
0-1: Called Strike
0-2: Ball
1-2: Ball
2-2: Ball
3-2: Ground out 6-3 (Groundball, 6)
Top of the 5th over - 0 runs, 2 hits, 0 errors, 2 left on base; Toledo 2 - Las Vegas 0
BOTTOM OF THE 5TH
Las Vegas Flamingos batting - Pitching for Toledo Stingers : RHP Rafael Rodríguez
Batting: SHB Glyn Bolasky 0-0: Called Strike
0-1: Reached on error, E3 (Groundball, 34S)
Batting: RHB Ellis Greenham 0-0: Ball
1-0: Bunted foul
1-1: Bunted foul
1-2: Ball
2-2: Foul Ball, location: 2F
2-2: Fielders Choice at 2nd, 4-6 (Groundball, 34)
Batting: RHB Sotaro Sakata 0-0: Fly out, F6 (Popup, 6M)
Batting: LHB Ruud van Ineveld Pickoff Throw to First - Error! E1
Ellis Greenham to second
0-0: Ball
1-0: Foul Ball, location: 2F
1-1: Fly out, F8 (Flyball, 8RS)
Bottom of the 5th over - 0 runs, 0 hits, 2 errors, 1 left on base; Toledo 2 - Las Vegas 0
TOP OF THE 6TH
Toledo Stingers batting - Pitching for Las Vegas Flamingos : LHP Juan Cardenas
Batting: RHB Armando Alvarado 0-0: Ground out 4-3 (Groundball, 4D)
Batting: RHB Alfredo Martínez 0-0: Ball
1-0: Called Strike
1-1: Called Strike
1-2: DOUBLE (Flyball, 78XD)
Batting: LHB Tural Bishara 0-0: Swinging Strike
0-1: Called Strike
0-2: Foul Ball, location: 2F
0-2: Ground out 6-3 (Groundball, 6M)
Alfredo Martínez to third
Batting: SHB Eugene Clutch 0-0: Ball
1-0: Ground out 4-3 (Groundball, 4S)
Top of the 6th over - 0 runs, 1 hit, 0 errors, 1 left on base; Toledo 2 - Las Vegas 0
BOTTOM OF THE 6TH
Las Vegas Flamingos batting - Pitching for Toledo Stingers : RHP Rafael Rodríguez
Batting: RHB Daniel Maldonado 0-0: Swinging Strike
0-1: Swinging Strike
0-2: Strikes out swinging
Batting: RHB Xavier Hernández 0-0: Called Strike
0-1: Fly out, F9 (Flyball, 9)
Batting: RHB Sake van Arem 0-0: Ball
1-0: Reached on error, E5 (Groundball, 56)
Batting: LHB Victor Adams 0-0: Called Strike
Sake van Arem steals 2nd base
0-1: SINGLE (Groundball, 4D)
Sake van Arem to third
Runner from 3rd tries for Home, SAFE, no throw
Batting: RHB Sergio Ortíz 0-0: Fly out, F6 (Line Drive, 6)
Bottom of the 6th over - 1 run, 1 hit, 1 error, 1 left on base; Toledo 2 - Las Vegas 1
TOP OF THE 7TH
Toledo Stingers batting - Pitching for Las Vegas Flamingos : LHP Juan Cardenas
Batting: LHB Rafael Sánchez 0-0: Ball
1-0: Foul Ball, location: 2F
1-1: Ball
2-1: Foul Ball, location: 2F
2-2: Foul Ball, location: 2F
2-2: Strikes out looking
Batting: LHB Ned Durand 0-0: Ground out 4-3 (Groundball, 4)
Batting: SHB Tsing Guao 0-0: Ball
1-0: Foul Ball, location: 2F
1-1: Fly out, F9 (Flyball, 9S)
Top of the 7th over - 0 runs, 0 hits, 0 errors, 0 left on base; Toledo 2 - Las Vegas 1
BOTTOM OF THE 7TH
Las Vegas Flamingos batting - Pitching for Toledo Stingers : RHP Rafael Rodríguez
Batting: SHB Glyn Bolasky 0-0: Fly out, F6 (Popup, 6S)
Batting: RHB Ellis Greenham 0-0: SINGLE (Groundball, 56D)
Batting: RHB Sotaro Sakata 0-0: Ball
1-0: Ball
2-0: Grounds into double play, 4-6-3 (Groundball, 4)
Bottom of the 7th over - 0 runs, 1 hit, 0 errors, 0 left on base; Toledo 2 - Las Vegas 1
TOP OF THE 8TH
Toledo Stingers batting - Pitching for Las Vegas Flamingos : LHP Juan Cardenas
Pitching: RHP José Guillén
Batting: RHB Brett Callison 0-0: Ball
1-0: Foul Ball, location: 2F
1-1: Foul Ball, location: 2F
1-2: Strikes out swinging
Batting: RHB Tamasaburo Kato 0-0: Swinging Strike
0-1: Ball
1-1: Called Strike
1-2: Strikes out looking
Batting: RHB Armando Alvarado 0-0: Ball
1-0: Called Strike
1-1: Ball
2-1: Ball
3-1: Called Strike
3-2: Strikes out swinging
Top of the 8th over - 0 runs, 0 hits, 0 errors, 0 left on base; Toledo 2 - Las Vegas 1
BOTTOM OF THE 8TH
Las Vegas Flamingos batting - Pitching for Toledo Stingers : RHP Esteban González
Pitching: RHP Esteban González
Batting: LHB Ruud van Ineveld 0-0: Ball
1-0: Ball
2-0: Ball
3-0: Foul Ball, location: 2F
3-1: Foul Ball, location: 2F
3-2: Ground out 4-3 (Groundball, 4)
Pitching: LHP An Jang-Yop
Batting: RHB Daniel Maldonado 0-0: Ball
1-0: Ball
2-0: Ball
3-0: Called Strike
3-1: Called Strike
3-2: Strikes out swinging
Batting: RHB Xavier Hernández 0-0: Called Strike
0-1: Ball
1-1: Ground out 5-3 (Groundball, 56S)
Bottom of the 8th over - 0 runs, 0 hits, 0 errors, 0 left on base; Toledo 2 - Las Vegas 1
TOP OF THE 9TH
Toledo Stingers batting - Pitching for Las Vegas Flamingos : RHP José Guillén
Pitching: RHP Cris Herrera
Batting: RHB Alfredo Martínez 0-0: Called Strike
0-1: Ball
1-1: Swinging Strike
1-2: Foul Ball, location: 2F
1-2: Foul Ball, location: 2F
1-2: Strikes out swinging
Batting: LHB Tural Bishara 0-0: SINGLE (Line Drive, 89M)
Pinch Hitting: SHB Dylan Carson 0-0: Ball
1-0: Called Strike
1-1: Fielders Choice at 2nd, 4-6 (Groundball, 4)
Batting: LHB Rafael Sánchez 0-0: Called Strike
Dylan Carson steals 2nd base
0-1: Ball
1-1: Ball
2-1: Ball
3-1: Called Strike
3-2: Strikes out swinging
Top of the 9th over - 0 runs, 1 hit, 0 errors, 1 left on base; Toledo 2 - Las Vegas 1
BOTTOM OF THE 9TH
Las Vegas Flamingos batting - Pitching for Toledo Stingers : LHP An Jang-Yop
Now in LF: Dylan Carson
Batting: RHB Sake van Arem 0-0: Ground out 6-3 (Groundball, 6)
Batting: LHB Victor Adams 0-0: Ground out 4-3 (Groundball, 4)
Batting: RHB Sergio Ortíz 0-0: Ball
1-0: Ball
2-0: Ball
3-0: Called Strike
3-1: Base on Balls
Batting: SHB Glyn Bolasky 0-0: Ball
1-0: Ball
2-0: Fielders Choice at 2nd, 5-4 (Groundball, 5)
Bottom of the 9th over - 0 runs, 0 hits, 0 errors, 1 left on base; Toledo 2 - Las Vegas 1
Tuesday, June 12th, 2018 - OOTP Baseball 18.8 Build 76